 Dungeon Crawl Stone Soup version 0.20.1-1-g8b1a95d (webtiles) character file.

3689 Jazqa the Grappler (level 10, -12/96 HPs)
             Began as a Naga Transmuter on Oct 31, 2017.
             Was a Priest of Cheibriados.
             Mangled by Jazqa's ghost (26 damage)
             ... on level 8 of the Dungeon.
             The game lasted 00:15:40 (9502 turns).

Jazqa the Grappler (Naga Transmuter)                Turns: 9502, Time: 00:15:42

Health: -12/96     AC:  2    Str: 23    XL:     10   Next: 13%
Magic:  18/18      EV: 19    Int: 20    God:    Cheibriados [***...]
Gold:   427        SH:  0    Dex: 25    Spells: 14/20 levels left

rFire    . . .     SeeInvis +     - Unarmed
rCold    . . .     Gourm    .   (shield currently unavailable)
rNeg     . . .     Faith    .   (armour currently unavailable)
rPois    x         Spirit   .   (helmet currently unavailable)
rElec    .         Reflect  .   (cloak currently unavailable)
rCorr    .         Harm     .   (gloves currently unavailable)
MR       +....                  (no barding)
Stlth    ++........             (no amulet)
Regen    0.3/turn               r - -2 ring of intelligence (curse)
MPRegen  0.2/turn               (no ring)

@: spider-form, very slow
A: see invisible, slow metabolism 1, spit poison 1, AC +3
a: Spit Poison, End Transformation, Bend Time, Temporal Distortion, Renounce
Religion


You were on level 8 of the Dungeon.
You worshipped Cheibriados.
Cheibriados was most pleased with you.
You were hungry.
You were a venomous arachnid creature.
You visited 2 branches of the dungeon, and saw 9 of its levels.

You collected 427 gold pieces.


Innate Abilities, Weirdness & Mutations

You cannot wear boots.
((Your serpentine skin is tough. (AC +3)))
You have supernaturally acute eyesight. (SInv)
((Armour fits poorly on your strangely shaped body.))
((Your system is resistant to poisons. (rPois)))
((You cover ground very slowly.))
You have a slow metabolism.
You can spit poison.


   Skills:
 + Level 8.0 Fighting
 - Level 1.5 Dodging
 + Level 8.7 Unarmed Combat
 + Level 5.9 Spellcasting
 + Level 6.4 Transmutations


You had 14 spell levels left.
You knew the following spells:

 Your Spells              Type           Power        Failure   Level  Hunger
p - Spider Form           Tmut/Pois      ###.......   22%         3    ##.....
t - Sticks to Snakes      Tmut           ####....     5%          2    None
z - Beastly Appendage     Tmut           ####..       4%          1    None

Inventory:

Missiles
 a - 145 arrows
Armour
 j - a +1 pair of gloves (melded)
 n - a +2 robe
 o - a +0 helmet
 v - a +1 cloak (melded)
 x - a +0 robe (melded)
Jewellery
 r - a cursed -2 ring of intelligence (left front leg)
Wands
 b - a wand of disintegration (14/24)
 f - a wand of polymorph (14/24)
Scrolls
 e - a scroll of teleportation {@r4}
 i - a scroll of immolation {!r}
 k - a scroll of recharging
 l - a scroll of summoning {unknown}
 q - a scroll of amnesia
 u - a scroll of blinking {unknown}
Potions
 g - 4 potions of flight
 p - 3 potions of ambrosia
 w - 3 potions of lignification {!q}
Books
 c - a book of Changes

   Spells                             Type                      Level
   a - Beastly Appendage              Transmutation                1
   b - Sticks to Snakes               Transmutation                2
   c - Spider Form                    Transmutation/Poison         3
   d - Ice Form                       Ice/Transmutation            4
   e - Blade Hands                    Transmutation                5
Comestibles
 d - 8 bread rations {@e1}
 h - 4 fruits {@e2}
 m - 4 royal jellies {@e3}

Dungeon Overview and Level Annotations

Branches:
Dungeon (8/15)             Temple (1/1) D:4
   Lair: D:8-11

Altars:
Ashenzari
Cheibriados
Dithmenos
Elyvilon
Fedhas
Gozag
Hepliaklqana
Kikubaaqudgha
Nemelex Xobeh
Okawaru
Qazlal
Ru
Trog
Uskayaw
Vehumet
Yredelemnul
Zin
The Shining One

Shops:
D:5 [   D:6 (   D:7 *=![

Annotations:
D:8 Jazqa's ghost, novice TrMo

..........# ..........#
#. .5....<...# ...
..........# #.##
..........# #....
.O.......## #...#
........## ###..#.#
####....########......#
#............s..#
#........#..OW..####
..........<........
.#.###$..........#..
#...........#
#............#
...#............
....#............
...............###


You could see a two-headed ogre and Jazqa's ghost.


Message History

The two-headed ogre looks as sick as possible!
The two-headed ogre is heavily wounded.
Unknown command.
The two-headed ogre hits you with a giant spiked club!!
* * * LOW HITPOINT WARNING * * *
The two-headed ogre barely misses you.
The crimson imp blinks!
There is a stone staircase leading up here.
The two-headed ogre hits you with a giant spiked club!!
* * * LOW HITPOINT WARNING * * *
The two-headed ogre hits you with a giant club!
* * * LOW HITPOINT WARNING * * *
You bite the crimson imp!
The crimson imp is poisoned.
The crimson imp is almost dead.
Jazqa's ghost completely misses you. The two-headed ogre misses you.
The two-headed ogre barely misses you. The crimson imp misses you.
Unknown command.
You kill the crimson imp!
Cheibriados appreciates the change of pace.
Your Fighting skill increases to level 8!
The two-headed ogre misses you. x2
Jazqa's ghost hits you but does no damage.
Unknown command.
Jazqa's ghost hits you!
* * * LOW HITPOINT WARNING * * *
The two-headed ogre closely misses you.
The two-headed ogre completely misses you.
Unknown command.
You feel better. Jazqa's ghost hits you!!
You die...

Skill      XL: |  1  2  3  4  5  6  7  8  9 10 |
---------------+-------------------------------+-----
Fighting       | 2 3 4 5 6 7 8 |  8.0
Unarmed Combat | 4 5 6 7 8 |  8.7
Transmutations | 3 4 6 |  6.4
Spellcasting   | 4 5 |  5.9
Dodging        | |  1.5

Action                   |  1- 3 |  4- 6 |  7- 9 | 10-12 || total
-------------------------+-------+-------+-------+-------++-------
Melee: Unarmed           |   183 |   199 |   337 |    49 ||   768
       Headbutt          |    20 |     2 |    60 |     4 ||    86
       Punch             |     3 |     1 |     9 |     2 ||    15
 Cast: Beastly Appendage |    30 |     2 |    37 |     8 ||    77
       Sticks to Snakes  |     1 |     1 |       |       ||     2
       Spider Form       |       |       |     5 |     1 ||     6
  Use: Potion            |     3 |     3 |     2 |     1 ||     9
       Scroll            |     7 |       |     9 |     1 ||    17
 Stab: Sleeping          |       |       |     1 |       ||     1
  Eat: Chunk             |     5 |     6 |     8 |     1 ||    20
Armor: Robe              |    80 |       |    55 |    29 ||   164
       Leather armour    |     2 |    64 |    42 |       ||   108
       Skin              |       |       |     7 |     2 ||     9
Dodge: Dodged            |   142 |   101 |   185 |    52 ||   480

Vault maps used:
D:1:      kennysheep_arrival_seaside
D:2:      okawaru_trees_2, nicolae_overflow_hidden_temple
D:3:      lemuel_coloured_pillars_altar, first_bread, elyvilon_altar_4,
          uniq_jessica
D:4:      minmay_temple_entry_mist, minmay_splitting_lines, minmay_surrounded,
          uniq_crazy_yiuf_cottage
D:5:      marbit_many_paths, serial_shops, shop, minmay_item_behind_shaft
D:6:      nicolae_overflow_crystal_walls, serial_shops, nicolae_shop_trees,
          uniq_edmund, uniq_duvessa, uniq_grinder
D:7:      black_bear_nest_1, serial_shops, shop, shop, kennysheep_mini_moat,
          shop, serial_aquarium, aquarium_bridge_square, aquarium_window_fake,
          aquarium_window_3, aquarium_view_2b, aquarium_view_4,
          aquarium_balcony_1b
D:8:      grunt_livestock, uniq_prince_ribbit1, uniq_pikel
Temple:   minmay_temple_bridge_abc

Notes
Turn   | Place    | Note
-------+----------+-------------------------------------------
     0 | D:1      | Jazqa the Naga Transmuter began the quest for the Orb.
     0 | D:1      | Reached XP level 1. HP: 18/18 MP: 3/3
   204 | D:1      | Reached XP level 2. HP: 14/25 MP: 3/5
  1269 | D:1      | Learned a level 2 spell: Sticks to Snakes
  1521 | D:1      | Reached XP level 3. HP: 7/32 MP: 2/6
  1946 | D:1      | Reached skill level 2 in Fighting
  2183 | D:2      | Found an iron altar of Okawaru.
  2261 | D:2      | Identified a potion of resistance
  2267 | D:2      | Reached skill level 4 in Unarmed Combat
  2655 | D:2      | Found a shadowy altar of Dithmenos.
  2672 | D:2      | Found a shattered altar of Ashenzari.
  2749 | D:3      | Reached XP level 4. HP: 40/40 MP: 5/7
  2770 | D:3      | Noticed Jessica
  2806 | D:3      | Killed Jessica
  3235 | D:3      | Found a white marble altar of Elyvilon.
  3300 | D:3      | Found an ancient bone altar of Kikubaaqudgha.
  3434 | D:4      | Reached skill level 3 in Fighting
  3663 | D:4      | Reached XP level 5. HP: 21/49 MP: 8/8
  3687 | D:4      | Reached skill level 5 in Unarmed Combat
  3872 | D:4      | Reached XP level 6. HP: 38/57 MP: 9/9
  4052 | D:4      | Reached skill level 4 in Fighting
  4286 | D:4      | Found a staircase to the Ecumenical Temple.
  4302 | Temple   | Entered the Ecumenical Temple
  4343 | Temple   | Became a worshipper of Cheibriados the Contemplative
  4570 | D:4      | Noticed a phantom
  4626 | D:4      | Killed a phantom
  4758 | D:4      | Reached XP level 7. HP: 58/66 MP: 10/10
  4769 | D:4      | Reached skill level 6 in Unarmed Combat
  5022 | D:4      | Found a runed door.
  5027 | D:4      | Noticed Crazy Yiuf
  5032 | D:4      | Killed Crazy Yiuf
  5063 | D:5      | Entered Level 5 of the Dungeon
  5081 | D:5      | Reached * piety under Cheibriados
  5240 | D:5      | Reached skill level 5 in Fighting
  5636 | D:5      | Reached skill level 3 in Transmutations
  5637 | D:5      | Found Zooreme's Armour Shoppe.
  5716 | D:5      | Learned a level 3 spell: Spider Form
  5944 | D:5      | Reached XP level 8. HP: 70/75 MP: 10/12
  6042 | D:5      | Reached skill level 3 in Spellcasting
  6053 | D:5      | Found a basalt altar of Yredelemnul.
  6200 | D:5      | Reached ** piety under Cheibriados
  6378 | D:6      | Found an opulent altar of Gozag.
  6407 | D:6      | Noticed Duvessa
  6407 | D:6      | Noticed Dowan
  6425 | D:6      | Killed Duvessa
  6425 | D:6      | Reached skill level 6 in Fighting
  6434 | D:6      | Killed Dowan
  6434 | D:6      | Reached skill level 7 in Unarmed Combat
  6434 | D:6      | Reached skill level 4 in Transmutations
  6617 | D:6      | Noticed Grinder
  6620 | D:6      | Killed Grinder
  6620 | D:6      | Reached skill level 4 in Spellcasting
  6928 | D:6      | Noticed Edmund
  6943 | D:6      | Killed Edmund
  6943 | D:6      | Reached XP level 9. HP: 48/85 MP: 15/15
  7505 | D:6      | Found Lydas's Weapon Boutique.
  7543 | D:6      | Reached skill level 5 in Transmutations
  7549 | D:6      | Reached *** piety under Cheibriados
  7549 | D:6      | Reached skill level 7 in Fighting
  7702 | D:7      | Reached skill level 5 in Spellcasting
  7716 | D:7      | Reached skill level 8 in Unarmed Combat
  7991 | D:6      | HP: 5/86 [yak (5)]
  8433 | D:6      | HP: 8/86 [yak (8)]
  8750 | D:7      | Reached skill level 6 in Transmutations
  8756 | D:7      | Reached XP level 10. HP: 82/96 MP: 15/18
  8774 | D:7      | Found Vakygaz's Distillery.
  8827 | D:7      | Found Syuph's Antique Armour Shoppe.
  8981 | D:7      | Found Wurick's General Store.
  9026 | D:7      | Found Ewniuni's Jewellery Boutique.
  9434 | D:8      | Noticed a two-headed ogre
  9494 | D:8      | Noticed Jazqa's ghost (novice TrMo)
  9500 | D:8      | Reached skill level 8 in Fighting
  9501 | D:8      | HP: 5/96 [Jazqa's ghost (14)]
  9502 | D:8      | Mangled by Jazqa's ghost

Vanquished Creatures
  Grinder (D:6)
  5 yaks
  Duvessa (D:6)
  A water moccasin (D:6)
  Edmund (D:6)
  3 ice beasts
  An orc warrior (D:7)
  2 black bears
  An ogre (D:5)
  2 phantoms
  3 centaurs
  A bullfrog (D:6)
  Dowan (D:6)
  3 scorpions
  5 crimson imps
  2 bullfrog zombies
  A quasit (D:7)
  5 hounds
  2 centaur skeletons
  A jelly (D:5)
  Crazy Yiuf (D:4)
  A centaur zombie (D:4)
  Jessica (D:3)
  A bullfrog skeleton (D:7)
  2 iguanas
  4 orc wizards
  7 worker ants
  A hound zombie (D:8)
  3 gnolls (D:5)
  4 adders
  3 shadow imps
  An ooze (D:4)
  A worm (D:5)
  5 dart slugs
  5 leopard geckos
  12 orcs
  2 ball pythons
  9 goblins
  4 hobgoblins
  21 jackals
  8 kobolds
  2 quokkas
  5 bats
  3 frilled lizards (D:1)
  A leopard gecko zombie (D:6)
  5 rats
154 creatures vanquished.

Vanquished Creatures (collateral kills)
  An orc (D:4)
  A leopard gecko skeleton (D:4)
2 creatures vanquished.

Grand Total: 156 creatures vanquished
